 Dungeon Crawl Stone Soup version 0.23-a0-473-gc8aadda (webtiles) character file.

229 Amnesiac the Digger (level 5, 21/21 HPs)
             Began as a Felid Earth Elementalist on Nov 27, 2018.
             Was a Follower of Sif Muna.
             Quit the game on level 4 of the Dungeon.
             The game lasted 00:07:50 (3383 turns).

Amnesiac the Digger (Felid Earth Elementalist)      Turns: 3383, Time: 00:07:50

Health: 21/21      AC:  2    Str:  4    XL:     5   Next: 71%
Magic:  12/12      EV: 18    Int: 21    God:    Sif Muna [*.....]
Gold:   118        SH:  0    Dex: 16    Spells: 2/12 levels left
                                        Lives:  0   Deaths: 1

rFire    . . .     SeeInvis +   (weapon unavailable)
rCold    . . .     Gourm    .   (shield unavailable)
rNeg     . . .     Faith    .   (armour unavailable)
rPois    .         Spirit   .   (helmet unavailable)
rElec    .         Reflect  .   (cloak unavailable)
rCorr    .         Harm     +   (gloves unavailable)
MR       .....                  (boots unavailable)
Stlth    +++.......             k - amulet of harm
HPRegen  0.07/turn              m - +2 ring of intelligence
MPRegen  0.13/turn              (no ring)

@: divine energy, quick
A: very small, no armour, no weapons or thrown items, stealth, claws 1, fangs 3,
see invisible, carnivore, speed 1, shaggy fur 2, slow metabolism 1, sharp paws
a: Stop Divine Energy, Renounce Religion


You were on level 4 of the Dungeon.
You worshipped Sif Muna.
Sif Muna was aware of your devotion.
You were not hungry.

You visited 1 branch of the dungeon, and saw 4 of its levels.
You also visited: Sewer.

You collected 118 gold pieces.

Inventory:

Missiles
 q - 61 stones
Jewellery
 k - an amulet of harm (around neck)
 m - a +2 ring of intelligence (left paw)
Scrolls
 e - a scroll of amnesia {!r}
 g - a scroll of identify {!r}
Potions
 a - a potion of lignification {!q, unknown}
 b - 2 potions of flight {!q, unknown}
 d - a potion of resistance {!q, unknown}
 f - a potion of haste {!q, unknown}
 h - a potion of invisibility {!q}
 i - a potion of brilliance {!q}
 n - 3 potions of agility {!q, unknown}
 o - 3 potions of might {!q, unknown}
 r - 4 potions of curing {!q, unknown}
 s - 4 potions of heal wounds {!q}
 v - a potion of cancellation {!q}
Comestibles
 c - 5 rations
 j - 4 chunks of flesh


   Skills:
 - Level 2.6 Dodging
 - Level 2.6 Stealth
 + Level 4.1 Spellcasting
 - Level 1.1 Transmutations
 * Level 5.9 Earth Magic


You had 2 spell levels left.
You knew the following spells:

 Your Spells              Type           Power        Failure   Level  Hunger
a - Stone Arrow           Conj/Erth      ###...       11%         3    ###....
b - Passwall              Tmut/Erth      ###.....     4%          2    #......
d - Lee's Rapid Deconstr  Erth           ####......   28%         5    ######.

Your spell library contained the following spells:

 Spells                   Type           Power        Failure   Level  Hunger
 Sandblast                Erth           ####..       1%          1    None
 Petrify                  Tmut/Erth      ###.....     28%         4    ####...


Dungeon Overview and Level Annotations

Branches:
Dungeon (4/15)
 Temple: D:4-7

Altars:
Sif Muna


Innate Abilities, Weirdness & Mutations

You cannot wear armour.
You are incapable of wielding weapons or throwing items.
Your paws allow you to move quietly. (Stealth)
You have sharp claws.
You have razor-sharp teeth.
You have supernaturally acute eyesight. (SInv)
You are carnivorous and can eat meat at any time.
You cover ground quickly.
You are covered in thick fur. (AC +2)
You have a slow metabolism.
Your sharp claws are effective at attacking unaware monsters.


Message History

Press: ? - help, Shift-Dir - straight line, f - orc
Aim: an orc, wearing a +0 leather armour The stone arrow hits the orc.
You kill the orc!
Sif Muna accepts your kill.
The orc shouts!
The orc wizard shouts!
Casting: Stone Arrow (safe; 11% risk of failure)
Confirm with . or Enter, or press ? or * to list all spells.
Aiming: Stone Arrow (safe; 11% risk of failure)
Press: ? - help, Shift-Dir - straight line, f - orc
Aim: an orc, wielding a +0 hand axe and wearing a +0 chain mail You miscast Stone Arrow.
You are very lightly contaminated with residual magic.
You feel a surge of energy from the ground.
The orc shouts!
The orc wizard gestures wildly while chanting.
The orc wizard blinks!
Casting: Stone Arrow (safe; 11% risk of failure)
Confirm with . or Enter, or press ? or * to list all spells.
Aiming: Stone Arrow (safe; 11% risk of failure)
Press: ? - help, Shift-Dir - straight line, f/p - orc
Aim: an orc, wielding a +0 hand axe and wearing a +0 chain mail The stone arrow misses the orc.
Casting: Stone Arrow (safe; 11% risk of failure)
Confirm with . or Enter, or press ? or * to list all spells.
Aiming: Stone Arrow (safe; 11% risk of failure)
Press: ? - help, Shift-Dir - straight line, f/p - orc
Aim: an orc, wielding a +0 hand axe and wearing a +0 chain mail The stone arrow misses the orc.
The stone arrow hits the orc.
You kill the orc!
Sif Muna accepts your kill. Sif Muna grants you divine energy.
You briefly lose access to your magic!
The orc wizard barely misses you.
The orc wizard points at you and mumbles some strange words.
The magic dart hits you!
You see here a whip.
You regain access to your magic.
There is an escape hatch in the floor here.
Casting: Stone Arrow (safe; 11% risk of failure)
Confirm with . or Enter, or press ? or * to list all spells.
Aiming: Lee's Rapid Deconstruction (quite dangerous; 28% risk of failure)
Press: ? - help, Dir - move target cursor A rock wall.
The wall shatters!
The blast of rock fragments hits the orc wizard.
The orc wizard is severely wounded.
Sif Muna accepts your kill.
You feel a bit more experienced. Sif Muna grants you divine energy.
You briefly lose access to your magic!
The orc wizard points at you and mumbles some strange words.
The magic dart hits you!
* * * LOW HITPOINT WARNING * * *
Unknown command.
The orc wizard points at you and mumbles some strange words.
The magic dart hits you!
* * * LOW HITPOINT WARNING * * *
The orc wizard points at you and mumbles some strange words.
The magic dart hits you!
You die...
You are now level 5!
You rejoin the land of the living...
Found a transparent ring mail, 2 tomahawks, 18 gold pieces and a spear.
Unknown command.
Are you sure you want to abandon this character and quit the game? (Confirm

. ##### .#
#...# ..#
#...###....
##.....$....
##.....(.....
..#+##
#..[.@.......
......
...............
.....#
.........#.#.##
## ....#
.........# $..
.># #...
........)#
..##.####.(.
.......#..
...........
....... ..
..........
.##.... ....
#.....#...
#..##.#.# #...


There were no monsters in sight!

Vanquished Creatures
  3 big kobolds (Sewer)
  A hound (D:4)
  Jessica (D:3)
  A worker ant (D:4)
  8 adders
  3 oozes
  2 worms (D:2)
  A dart slug (D:3)
  2 leopard geckos
  6 orcs
  6 bats
  4 giant cockroaches
  5 goblins
  9 hobgoblins
  2 ball pythons
  A frilled lizard (D:1)
  16 kobolds
  6 rats
77 creatures vanquished.

Notes
Turn   | Place    | Note
-------+----------+-------------------------------------------
     0 | D:1      | Amnesiac the Felid Earth Elementalist began the quest for
                  | the Orb.
     0 | D:1      | Reached XP level 1. HP: 7/7 MP: 4/4
   168 | D:2      | Reached skill level 3 in Earth Magic
   168 | D:2      | Reached XP level 2. HP: 11/11 MP: 3/6
   231 | D:2      | Learned a level 2 spell: Passwall
   360 | D:2      | Reached XP level 3. HP: 14/14 MP: 4/7
   776 | D:3      | Found a deep blue altar of Sif Muna.
   859 | D:4      | Found a glowing drain.
   884 | D:3      | Became a worshipper of Sif Muna the Loreminder
   909 | D:4      | Reached skill level 4 in Earth Magic
   909 | D:4      | Reached XP level 4. HP: 18/18 MP: 7/9
   982 | Sewer    | Entered a sewer
  1005 | Sewer    | Noticed a big kobold
  1009 | Sewer    | Killed a big kobold
  1009 | Sewer    | Reached XP level 5. HP: 21/21 MP: 5/10
  1018 | Sewer    | Learned a level 5 spell: Lee's Rapid Deconstruction
  1529 | Sewer    | Reached skill level 5 in Earth Magic
  1764 | Sewer    | Reached * piety under Sif Muna
  1764 | Sewer    | Gained mutation: You are covered in thick fur. (AC +2)
                  | [Felid growth]
  1764 | Sewer    | Reached XP level 6. HP: 23/24 MP: 7/12
  1772 | Sewer    | Learned a level 3 spell: Stone Arrow
  2832 | D:3      | Noticed Jessica
  2836 | D:3      | Killed Jessica
  3382 | D:4      | Killed from afar by an orc wizard
  3383 | D:4      | Reached XP level 5. HP: -6/21 MP: 0/12
  3383 | D:4      | Quit the game

Vault maps used:
D:1:      dpeg_arrival_pits
D:2:      minmay_skewed_foursquare, serial_bayou_lake_a
D:3:      overflow_temple_1_default, minmay_misc_feat_ornament,
          kennysheep_big_empty_room, uniq_jessica
D:4:      serial_forest, infiniplex_forest_straight_4,
          infiniplex_forest_lined_2, infiniplex_forest_clump_tiny,
          infiniplex_forest_lined_3, infiniplex_forest_lined_3,
          infiniplex_forest_zigzag_1, gup_sewer_entry_glass,
          grunt_ministairs_11, minmay_misc_feat_hallway
Sewer:    kennysheep_pipe_town

Skill      XL: |  1  2  3  4  5  6 |
---------------+-------------------+-----
Earth Magic    | 3 4 5 |  5.9
Spellcasting   | 3 4 |  4.1
Dodging        | |  2.6
Stealth        | |  2.6
Transmutations | |  1.1

Action                   |  1- 3 |  4- 6 || total
-------------------------+-------+-------++-------
Melee: Unarmed           |    17 |    59 ||    76
       Bite              |     2 |     6 ||     8
 Cast: Sandblast         |    25 |    35 ||    60
       Passwall          |       |     2 ||     2
       Stone Arrow       |       |    30 ||    30
       Lee's Rapid Decon |       |     1 ||     1
Invok: Divine Energy     |       |     1 ||     1
  Use: Scroll            |       |    10 ||    10
 Stab: Sleeping          |     5 |     4 ||     9
  Eat: Chunk             |     7 |     7 ||    14
Armor: Skin              |       |     6 ||     6
Dodge: Dodged            |    12 |    86 ||    98

Table legend:
 A = Non-vault XP
 B = Vault XP
 C = Vault XP percentage of total XP
 D = Non-vault monster count
 E = Vault monster count
 F = Vault count percentage of total count
                 A         B        C        D         E       F
            +---------+---------+-------+---------+---------+-------
      Total |     232 |     403 |  63.5 |      47 |      30 |  39.0
            +---------+---------+-------+---------+---------+-------
        D:1 |      18 |       0 |   0.0 |      12 |       0 |   0.0
        D:2 |      71 |      15 |  17.4 |      17 |       3 |  15.0
        D:3 |      51 |      37 |  42.0 |      10 |       1 |   9.1
        D:4 |      92 |      27 |  22.7 |       8 |       2 |  20.0
      Sewer |       0 |     324 | 100.0 |       0 |      24 | 100.0
            +---------+---------+-------+---------+---------+-------
